 Dungeon Crawl Stone Soup version 0.31-a0-188-g5e087ee2ca (webtiles) character file.

Game seed: 4660203593154143120

46 qw the Shooter (level 3, -4/20 HPs)
             Began as a Deep Elf Hunter on June 23, 2023.
             Killed from afar by Sigmund (6 damage)
             ... with a puff of flame
             ... on level 2 of the Dungeon.
             The game lasted 00:00:20 (974 turns).

qw the Shooter (Deep Elf Hunter)                     Turns: 974, Time: 00:00:21

Health: -4/20      AC:  6    Str: 10    XL:     3   Next: 46%
Magic:  5/5        EV: 12    Int: 13    God:
Gold:   44         SH:  0    Dex: 18    Spells: 2/2 levels left

rFire   . . .        Y - +0 shortbow
rCold   . . .        (shield currently unavailable)
rNeg    . . .        c - +0 leather armour
rPois   .            l - +0 helmet
rElec   .            (no cloak)
rCorr   .            (no gloves)
SInv    .            h - +1 pair of boots
Will    .....        (no amulet)
Stlth   ++           (no ring)
HPRegen 0.23/turn    (no ring)
MPRegen 0.09/turn

%: no passive effects
@: no status effects
A: no striking features
a: no special abilities


You were on level 2 of the Dungeon.
You visited 1 branch of the dungeon, and saw 2 of its levels.

You collected 44 gold pieces.


   Skills:
 - Level 1.5 Fighting
 + Level 7.0 Ranged Weapons
 - Level 2.4 Dodging
 - Level 1.2 Stealth


You had 2 spell levels left.
You didn't know any spells.
Your spell library was empty.

Inventory:

Hand Weapons
 Y - a +0 shortbow (weapon)
Armour
 c - a +0 leather armour (worn)
 h - a +1 pair of boots (worn)
 l - a +0 helmet (worn)
Scrolls
 b - a scroll of identify
Potions
 a - a potion of attraction {unknown}
 d - a potion of curing {unknown}
 e - a potion of brilliance {unknown}
 g - a potion of cancellation {unknown}
 i - a potion of enlightenment {unknown}

Dungeon Overview and Level Annotations

Branches:
Dungeon (2/15)

Altars:
Ashenzari

Annotations:
D:2 Sigmund


Message History

The bat hits you. The bat hits you but does no damage.
You shoot an arrow. The arrow hits the bat.
The bat is moderately wounded.
The bat misses you. The bat closely misses you.
The bat hits you but does no damage. Sigmund barely misses you.
You shoot an arrow. The arrow closely misses the bat.
The arrow hits Sigmund but does no damage.
Sigmund is moderately wounded.
The bat barely misses you. The bat closely misses you.
Sigmund mumbles some strange words.
Sigmund flickers and vanishes!
Deactivating autopickup; reactivate with Ctrl-A.
You shoot an arrow. The arrow closely misses the bat.
The bat misses you. The bat closely misses you. Something hits you.
You shoot an arrow.
The arrow hits the bat but does no damage.
The bat hits you but does no damage. Something hits you.
A worm comes into view.
You shoot an arrow. The arrow hits the bat.
You kill the bat!
You shoot an arrow. The arrow hits the endoplasm.
The endoplasm is heavily wounded.
The endoplasm hits you. Something hits you but does no damage.
The bat closely misses you.
You shoot an arrow.
The arrow hits the endoplasm but does no damage.
The endoplasm is heavily wounded.
The bat hits you but does no damage. The endoplasm freezes you.
You are frozen.
Something hits you but does no damage.
You shoot an arrow. The arrow hits the endoplasm!
You kill the endoplasm!
The bat hits you but does no damage.
You shoot an arrow.
The arrow hits the bat but does no damage.
The bat hits you but does no damage. x2
You hear some strange, mumbled words.
A puff of flame appears from out of thin air!
The puff of flame hits you.
You die...

.. .# # #.#.#.#.#. .
......... .#.#.#.#.#..##
.........#..#
.#.#.#.#.##.#
.......%.##.###
.#.#.#.#b.##...#########
....w{.@................
#.#.#.#.####...#########
....## ##### #####


You could see a worm and a bat.

Vanquished Creatures
  2 adders (D:2)
  A worm (D:2)
  A dart slug (D:2)
  3 bats
  3 endoplasms
  2 giant cockroaches
  A goblin (D:1)
  3 hobgoblins (D:1)
  2 ball pythons (D:1)
  3 frilled lizards (D:1)
  A kobold (D:1)
  2 rats (D:1)
24 creatures vanquished.

Notes
Turn   | Place    | Note
-------+----------+-------------------------------------------
     0 | D:1      | qw the Deep Elf Hunter began the quest for the Orb.
     0 | D:1      | Reached XP level 1. HP: 12/12 MP: 3/3
     0 | D:1      | 0 ||| qw: Version: 0.3-a-9-g12657ce
     0 | D:1      | 0 ||| qw: Game counter: 4308
     0 | D:1      | 0 ||| qw: Always use a shield: true
     0 | D:1      | 0 ||| qw: God list: Okawaru
     0 | D:1      | 0 ||| qw: Allow faded altars: false
     0 | D:1      | 0 ||| qw: Do Orc after D:15 true
     0 | D:1      | 0 ||| qw: Do second Lair branch before Depths: true
     0 | D:1      | 0 ||| qw: Lair rune preference: random
     0 | D:1      | 0 ||| qw: Plans: Normal
     0 | D:1      | 0 ||| PLANNING D:1-11
   131 | D:1      | Reached skill level 6 in Ranged Weapons
   131 | D:1      | Reached XP level 2. HP: 16/16 MP: 4/4
   610 | D:1      | 610 ||| UPGRADING to +1 pair of boots.
   615 | D:1      | 615 ||| UPGRADING to +0 helmet.
   620 | D:1      | 620 ||| READING scroll labelled NOJ IXETHYUWE.
   621 | D:1      | 621 ||| READING scroll labelled FEOSUE EXAE.
   622 | D:1      | 622 ||| READING scroll labelled JAINTA SESHRUFUAS.
   623 | D:1      | 623 ||| READING scroll labelled YFAUJ VUNILAGEI.
   624 | D:1      | 624 ||| READING scroll labelled VAIRGH QIURAV.
   625 | D:1      | 625 ||| DROPPING scroll of butterflies.
   696 | D:2      | Reached XP level 3. HP: 20/20 MP: 5/5
   825 | D:2      | Found a broken altar of Ashenzari.
   955 | D:2      | Reached skill level 7 in Ranged Weapons
   959 | D:2      | Noticed Sigmund
   969 | D:2      | HP: 4/20 [something (3)]
   972 | D:2      | HP: 1/20 [frozen (3)]
   974 | D:2      | Killed from afar by Sigmund

Levels and vault maps discovered:
D:1:      amcnicky_arrival_gap_in_the_tavern_cellar, layout_basic
D:2:      layout_loops_ring, basic_altar, hex_large, uniq_sigmund

Skill      XL: |  1  2  3 |
---------------+----------+-----
Ranged Weapons | 6 7 |  7.0
Fighting       | |  1.5
Dodging        | |  2.4
Stealth        | |  1.2

Action                     || total
---------------------------++-------
   Fire: Shortbow          ||    80
    Use: Scroll            ||     5
 Armour: Leather armour    ||    17
  Dodge: Dodged            ||    24

Table legend:
 A = Non-vault XP
 B = Vault XP
 C = Vault XP percentage of total XP
 D = Non-vault monster count
 E = Vault monster count
 F = Vault count percentage of total count
                 A         B        C        D         E       F
            +---------+---------+-------+---------+---------+-------
      Total |      67 |       0 |   0.0 |      24 |       0 |   0.0
            +---------+---------+-------+---------+---------+-------
        D:1 |      26 |       0 |   0.0 |      17 |       0 |   0.0
        D:2 |      41 |       0 |   0.0 |       7 |       0 |   0.0
            +---------+---------+-------+---------+---------+-------
